Description

testing build order for salt. is roach zergling timing attack

Build Order

Get SALT Encoding   

  13  0:13  Overlord  
  17  0:51  Hatchery  
  18  1:08  Extractor  
  17  1:12  Spawning Pool  
  19  1:39  Overlord  
  20  1:59  Queen x2  
  24  2:00  Zergling  
  26  2:08  Metabolic Boost  
  27  2:16  Roach Warren  
  30  2:35  Overlord  
  33  3:05  Roach x2  
  33  3:06  Overlord  
  33  3:07  Roach x4  
  45  3:12  Overlord  
  45  3:15  Roach x2  
  49  3:20  Zergling  
  50  3:21  Zergling  
Spawning Tool Build Advisor. Get it on Overwolf

Go to:

Details

  • Created by: dos75824957
  • Published on: Mar 30, 2019
  • Modified on: Mar 30, 2019
  • Patch: 4.7.1
Show
View Real Time Build Order
Export as new Build Order

Comments (0)

There are no comments. Be the first!

Create an account to comment!